 Dungeon Crawl Stone Soup version 0.29-a0-2-g12fcac58f8 (webtiles) character file.

Game seed: 9099123161365202692

92 croobank the Firebug (level 4, -3/33 HPs)
             Began as a Draconian Fire Elementalist on Jan 26, 2022.
             Was a Believer of Sif Muna.
             Slain by a gnoll (5 damage)
             ... on level 4 of the Dungeon.
             The game lasted 00:11:25 (1949 turns).

croobank the Firebug (Draconian Fire Elementalist)  Turns: 1949, Time: 00:11:26

Health: -3/33      AC:  5    Str: 11    XL:     4   Next: 35%
Magic:  1/7        EV: 12    Int: 17    God:    Sif Muna [**....]
Gold:   74         SH:  0    Dex: 11    Spells: 5/8 levels left

rFire   . . .      SeeInvis .   d - +1 mace (protect)
rCold   . . .      Faith    .   (no shield)
rNeg    . . .      Spirit   .   (armour unavailable)
rPois   .          Reflect  .   (helmet restricted)
rElec   .          Harm     .   i - scarf {shadows}
rCorr   .          Rampage  .   (no gloves)
Will    .....                   (no boots)
Stlth   ++........              (no amulet)
HPRegen 0.11/turn               (no ring)
MPRegen 0.10/turn               (no ring)

@: attractive
A: AC +5, unfitting armour, cold-blooded
a: Renounce Religion, Channel Magic


You were on level 4 of the Dungeon.
You worshipped Sif Muna.
Sif Muna was pleased with you.
You visited 1 branch of the dungeon, and saw 4 of its levels.

You collected 74 gold pieces.

Inventory:

Hand Weapons
 d - a +1 mace of protection (weapon)
Missiles
 a - 63 arrows
 g - 5 javelins
 j - 33 stones
Armour
 i - a scarf of shadows (worn)
Jewellery
 k - an amulet of guardian spirit
Scrolls
 f - a scroll of teleportation {unknown}
 h - a scroll of identify {unknown}
 m - a scroll of enchant weapon {unknown}
Potions
 e - a potion of brilliance {unknown}
 l - a potion of ambrosia {unknown}


   Skills:
 + Level 2.3 Dodging
 + Level 2.5 Stealth
 + Level 2.6 Spellcasting
 + Level 2.1 Conjurations
 + Level 3.5 Fire Magic


You had 5 spell levels left.
You knew the following spells:

 Your Spells              Type           Power      Damage    Failure   Level
a - Foxfire               Conj/Fire      44%        2x1d6     6%          1
b - Scorch                Fire           28%        2d6       7%          2

Your spell library contained the following spells:

 Spells                   Type           Power      Damage    Failure   Level
 Conjure Flame            Conj/Fire      11%        6-21      17%         3
 Inner Flame              Hex/Fire       8%         N/A       26%         3
 Flame Wave               Conj/Fire      11%        2d5       50%         4


Dungeon Overview and Level Annotations

Branches:
Dungeon (4/15)
 Temple: D:4-7

Altars:
Sif Muna


Innate Abilities, Weirdness & Mutations

Your plain brown scales are hard. (AC +5)
You cannot fit into any form of body armour.
You are cold-blooded and may be slowed by cold attacks.


Message History

Confirm with . or Enter, or press ? or * to list all spells.
You conjure some foxfire!
The foxfire hits the gnoll.
The gnoll resists.
The gnoll is lightly wounded.
The gnoll hits you from afar with a +0 halberd.
The gnoll hits you with a +0 club.
The foxfire hits the gnoll.
The gnoll is almost dead.
The gnoll barely misses you. The gnoll hits you with a +0 club.
Found a scroll labelled PUCKEF CAVUNE.
Found a stone staircase leading down.
A hobgoblin comes into view.
The hobgoblin shouts!
There is a stone staircase leading down here.
The gnoll hits you with a +0 long sword!
You climb downwards.
Found 2 poisoned darts.
Found a stone staircase leading down.
There is a stone staircase leading up here.
Casting: Foxfire (safe; 6% risk of failure)
Confirm with . or Enter, or press ? or * to list all spells.
Flames lash the gnoll.
The gnoll resists.
The gnoll is moderately wounded.
The gnoll's fire resistance burns away.
The orc shouts! x2; The adder hisses angrily.
The gnoll hits you with a +0 long sword.
Casting: Scorch (safe; 7% risk of failure)
Confirm with . or Enter, or press ? or * to list all spells.
Flames lash the gnoll.
The gnoll is almost dead.
The gnoll hits you with a +0 long sword.
* * * LOW HITPOINT WARNING * * *
As you read the scroll labelled SIGRUEW ESIFF, it crumbles to dust.
You hear a loud clanging noise!
It was a scroll of noise.
You hear a shout! x13; You hear an angry hiss.
You hear a shout! x7
The gnoll hits you with a +0 long sword.
* * * LOW HITPOINT WARNING * * *
The orc closely misses you.
It was a potion of attraction.
You feel attractive to monsters.
The gnoll hits you with a +0 long sword.
You die...

#. . ....##
...... ....#.
......###
........##.##
.....g@S.....
..#..o.(.....
#...oo....#
>..........#
..#.........#
. ..........#
...#.##...##


You could see a gnoll (resistant, combustible), an adder and 3 orcs.

Vanquished Creatures
  Robin (D:2)
  4 dart slugs
  A worm (D:2)
  4 endoplasms
  A giant cockroach (D:1)
  16 goblins
  10 hobgoblins
  3 jackals (D:3)
  4 kobolds
  3 quokkas
  3 ball pythons (D:1)
  4 bats
  3 frilled lizards
  2 rats
59 creatures vanquished.

Vanquished Creatures (others)
  119 foxfires
119 creatures vanquished.

Grand Total: 178 creatures vanquished

Notes
Turn   | Place    | Note
-------+----------+-------------------------------------------
     0 | D:1      | croobank the Draconian Fire Elementalist began the quest
                  | for the Orb.
     0 | D:1      | Reached XP level 1. HP: 14/14 MP: 3/3
   121 | D:1      | Found a faded altar of an unknown god.
   128 | D:1      | Prayed at the altar of an unknown god.
   128 | D:1      | Became a worshipper of Sif Muna the Loreminder
   128 | D:1      | Reached * piety under Sif Muna
   230 | D:1      | Reached XP level 2. HP: 20/20 MP: 3/5
   261 | D:1      | Learned a level 2 spell: Scorch
   392 | D:1      | Reached XP level 3. HP: 10/26 MP: 0/6
   829 | D:2      | Reached ** piety under Sif Muna
  1055 | D:2      | Noticed Robin
  1062 | D:2      | Killed Robin
  1069 | D:2      | Reached XP level 4. HP: 33/33 MP: 3/7
  1949 | D:4      | Slain by a gnoll

Illustrated notes

Levels and vault maps discovered:
D:1:      psy_arrival_dodecagon, layout_rooms,
          dreamdust_ecumenical_altar_hidden_monk_grotto, minmay_tall_x
D:2:      layout_loops_cross, minmay_misc_feat_doors, uniq_robin
D:3:      layout_basic, gammafunk_ghost_mausoleum
D:4:      kennysheep_kobold_camp, layout_basic, fedhas_altar_decomposition,
          minmay_temple_entry_gardened_gates, hellmonk_ghost_happy_afterlife,
          uniq_pikel

Skill      XL: |  1  2  3  4 |
---------------+-------------+-----
Stealth        | 2 |  2.5
Dodging        | 2 |  2.3
Conjurations   | 2 |  2.1
Spellcasting   | |  2.6
Fire Magic     | |  3.5

Action                   |  1- 3 |  4- 6 || total
-------------------------+-------+-------++-------
Melee: Unarmed           |    32 |       ||    32
       Tailslap          |     5 |       ||     5
       Mace              |     8 |    10 ||    18
 Cast: Foxfire           |    47 |    23 ||    70
       Scorch            |     2 |     3 ||     5
  Use: Scroll            |       |     1 ||     1
       Potion            |       |     1 ||     1
Armor: Skin              |    21 |     6 ||    27
Dodge: Dodged            |    32 |    10 ||    42

Table legend: (Time is in decaauts)
 A = Elapsed time spent in this place.
 B = Non-inter-level travel time spent in this place.
 C = Inter-level travel time spent in this place.
 D = Time resting spent in this place.
 E = Time spent auto-exploring this place.
 F = Levels seen in this place.
 G = Mean time per level.
                   A        B        C        D        E       F      G
               +--------+--------+--------+--------+--------+-----+--------+
         Total |   1956 |   1919 |     37 |     57 |   1403 |   4 |  489.0 |
       Dungeon |   1956 |   1919 |     37 |     57 |   1403 |   4 |  489.0 |
               +--------+--------+--------+--------+--------+-----+--------+

Top non-repeatable levels by time:
     D:2: 936 daAuts
     D:1: 828 daAuts
     D:3: 188 daAuts
     D:4: 3 daAuts
